%YAML 1.1
%TAG !u! tag:unity3d.com,2011:
--- !u!1 &733494402058734900
GameObject:
  m_ObjectHideFlags: 0
  m_CorrespondingSourceObject: {fileID: 0}
  m_PrefabInstance: {fileID: 0}
  m_PrefabAsset: {fileID: 0}
  serializedVersion: 6
  m_Component:
  - component: {fileID: 733494402058734901}
  m_Layer: 0
  m_Name: LCluster2
  m_TagString: Untagged
  m_Icon: {fileID: 0}
  m_NavMeshLayer: 0
  m_StaticEditorFlags: 0
  m_IsActive: 1
--- !u!4 &733494402058734901
Transform:
  m_ObjectHideFlags: 0
  m_CorrespondingSourceObject: {fileID: 0}
  m_PrefabInstance: {fileID: 0}
  m_PrefabAsset: {fileID: 0}
  m_GameObject: {fileID: 733494402058734900}
  m_LocalRotation: {x: 0, y: 0, z: 0, w: 1}
  m_LocalPosition: {x: 0, y: 0, z: 0}
  m_LocalScale: {x: 1, y: 1, z: 1}
  m_Children:
  - {fileID: 6748670612122027678}
  m_Father: {fileID: 0}
  m_RootOrder: 0
  m_LocalEulerAnglesHint: {x: 0, y: 0, z: 0}
--- !u!114 &3837834730330937827
MonoBehaviour:
  m_ObjectHideFlags: 0
  m_CorrespondingSourceObject: {fileID: 0}
  m_PrefabInstance: {fileID: 0}
  m_PrefabAsset: {fileID: 0}
  m_GameObject: {fileID: 815756735085195450}
  m_Enabled: 1
  m_EditorHideFlags: 0
  m_Script: {fileID: 11500000, guid: 38d32a2f82ec1de47aedfc84b1a0367c, type: 3}
  m_Name: 
  m_EditorClassIdentifier: 
--- !u!1 &5937703759230971177
GameObject:
  m_ObjectHideFlags: 0
  m_CorrespondingSourceObject: {fileID: 0}
  m_PrefabInstance: {fileID: 0}
  m_PrefabAsset: {fileID: 0}
  serializedVersion: 6
  m_Component:
  - component: {fileID: 6748670612122027678}
  - component: {fileID: 618412756624335102}
  m_Layer: 0
  m_Name: Poravnavanje
  m_TagString: Untagged
  m_Icon: {fileID: 0}
  m_NavMeshLayer: 0
  m_StaticEditorFlags: 0
  m_IsActive: 1
--- !u!4 &6748670612122027678
Transform:
  m_ObjectHideFlags: 0
  m_CorrespondingSourceObject: {fileID: 0}
  m_PrefabInstance: {fileID: 0}
  m_PrefabAsset: {fileID: 0}
  m_GameObject: {fileID: 5937703759230971177}
  m_LocalRotation: {x: -0, y: -0, z: -0, w: 1}
  m_LocalPosition: {x: -4, y: -4, z: 0}
  m_LocalScale: {x: 1, y: 1, z: 1}
  m_Children:
  - {fileID: 9093422244215305474}
  - {fileID: 815756735085195451}
  - {fileID: 317746654096161516}
  - {fileID: 3813039797890300864}
  m_Father: {fileID: 733494402058734901}
  m_RootOrder: 0
  m_LocalEulerAnglesHint: {x: 0, y: 0, z: 0}
--- !u!156049354 &618412756624335102
Grid:
  m_ObjectHideFlags: 0
  m_CorrespondingSourceObject: {fileID: 0}
  m_PrefabInstance: {fileID: 0}
  m_PrefabAsset: {fileID: 0}
  m_GameObject: {fileID: 5937703759230971177}
  m_Enabled: 1
  m_CellSize: {x: 0.01, y: 0.01, z: 0.01}
  m_CellGap: {x: 0, y: 0, z: 0}
  m_CellLayout: 0
  m_CellSwizzle: 0
--- !u!1001 &175438863519023077
PrefabInstance:
  m_ObjectHideFlags: 0
  serializedVersion: 2
  m_Modification:
    m_TransformParent: {fileID: 815756735085195451}
    m_Modifications:
    - target: {fileID: 3345791331310210541, guid: ade07b99e5bffac48ad00d520f67c0fd,
        type: 3}
      propertyPath: m_Name
      value: KeySpawn
      objectReference: {fileID: 0}
    - target: {fileID: 5057191478908044712, guid: ade07b99e5bffac48ad00d520f67c0fd,
        type: 3}
      propertyPath: m_LocalPosition.x
      value: 3.01
      objectReference: {fileID: 0}
    - target: {fileID: 5057191478908044712, guid: ade07b99e5bffac48ad00d520f67c0fd,
        type: 3}
      propertyPath: m_LocalPosition.y
      value: 4.32
      objectReference: {fileID: 0}
    - target: {fileID: 5057191478908044712, guid: ade07b99e5bffac48ad00d520f67c0fd,
        type: 3}
      propertyPath: m_LocalPosition.z
      value: 0
      objectReference: {fileID: 0}
    - target: {fileID: 5057191478908044712, guid: ade07b99e5bffac48ad00d520f67c0fd,
        type: 3}
      propertyPath: m_LocalRotation.x
      value: 0
      objectReference: {fileID: 0}
    - target: {fileID: 5057191478908044712, guid: ade07b99e5bffac48ad00d520f67c0fd,
        type: 3}
      propertyPath: m_LocalRotation.y
      value: 0
      objectReference: {fileID: 0}
    - target: {fileID: 5057191478908044712, guid: ade07b99e5bffac48ad00d520f67c0fd,
        type: 3}
      propertyPath: m_LocalRotation.z
      value: 0
      objectReference: {fileID: 0}
    - target: {fileID: 5057191478908044712, guid: ade07b99e5bffac48ad00d520f67c0fd,
        type: 3}
      propertyPath: m_LocalRotation.w
      value: 1
      objectReference: {fileID: 0}
    - target: {fileID: 5057191478908044712, guid: ade07b99e5bffac48ad00d520f67c0fd,
        type: 3}
      propertyPath: m_RootOrder
      value: 1
      objectReference: {fileID: 0}
    - target: {fileID: 5057191478908044712, guid: ade07b99e5bffac48ad00d520f67c0fd,
        type: 3}
      propertyPath: m_LocalEulerAnglesHint.x
      value: 0
      objectReference: {fileID: 0}
    - target: {fileID: 5057191478908044712, guid: ade07b99e5bffac48ad00d520f67c0fd,
        type: 3}
      propertyPath: m_LocalEulerAnglesHint.y
      value: 0
      objectReference: {fileID: 0}
    - target: {fileID: 5057191478908044712, guid: ade07b99e5bffac48ad00d520f67c0fd,
        type: 3}
      propertyPath: m_LocalEulerAnglesHint.z
      value: 0
      objectReference: {fileID: 0}
    m_RemovedComponents: []
  m_SourcePrefab: {fileID: 100100000, guid: ade07b99e5bffac48ad00d520f67c0fd, type: 3}
--- !u!1001 &1674269531075152845
PrefabInstance:
  m_ObjectHideFlags: 0
  serializedVersion: 2
  m_Modification:
    m_TransformParent: {fileID: 6748670612122027678}
    m_Modifications:
    - target: {fileID: 1393001661345493280, guid: 0cdc33537e8b5db469d04d07c85b8b8f,
        type: 3}
      propertyPath: m_Name
      value: Room BR (1)
      objectReference: {fileID: 0}
    - target: {fileID: 1393001661345493281, guid: 0cdc33537e8b5db469d04d07c85b8b8f,
        type: 3}
      propertyPath: m_LocalPosition.x
      value: 0
      objectReference: {fileID: 0}
    - target: {fileID: 1393001661345493281, guid: 0cdc33537e8b5db469d04d07c85b8b8f,
        type: 3}
      propertyPath: m_LocalPosition.y
      value: 4
      objectReference: {fileID: 0}
    - target: {fileID: 1393001661345493281, guid: 0cdc33537e8b5db469d04d07c85b8b8f,
        type: 3}
      propertyPath: m_LocalPosition.z
      value: 0
      objectReference: {fileID: 0}
    - target: {fileID: 1393001661345493281, guid: 0cdc33537e8b5db469d04d07c85b8b8f,
        type: 3}
      propertyPath: m_LocalRotation.x
      value: 0
      objectReference: {fileID: 0}
    - target: {fileID: 1393001661345493281, guid: 0cdc33537e8b5db469d04d07c85b8b8f,
        type: 3}
      propertyPath: m_LocalRotation.y
      value: 0
      objectReference: {fileID: 0}
    - target: {fileID: 1393001661345493281, guid: 0cdc33537e8b5db469d04d07c85b8b8f,
        type: 3}
      propertyPath: m_LocalRotation.z
      value: 0
      objectReference: {fileID: 0}
    - target: {fileID: 1393001661345493281, guid: 0cdc33537e8b5db469d04d07c85b8b8f,
        type: 3}
      propertyPath: m_LocalRotation.w
      value: 1
      objectReference: {fileID: 0}
    - target: {fileID: 1393001661345493281, guid: 0cdc33537e8b5db469d04d07c85b8b8f,
        type: 3}
      propertyPath: m_RootOrder
      value: 2
      objectReference: {fileID: 0}
    - target: {fileID: 1393001661345493281, guid: 0cdc33537e8b5db469d04d07c85b8b8f,
        type: 3}
      propertyPath: m_LocalEulerAnglesHint.x
      value: 0
      objectReference: {fileID: 0}
    - target: {fileID: 1393001661345493281, guid: 0cdc33537e8b5db469d04d07c85b8b8f,
        type: 3}
      propertyPath: m_LocalEulerAnglesHint.y
      value: 0
      objectReference: {fileID: 0}
    - target: {fileID: 1393001661345493281, guid: 0cdc33537e8b5db469d04d07c85b8b8f,
        type: 3}
      propertyPath: m_LocalEulerAnglesHint.z
      value: 0
      objectReference: {fileID: 0}
    - target: {fileID: 3896265794236250049, guid: 0cdc33537e8b5db469d04d07c85b8b8f,
        type: 3}
      propertyPath: reachable
      value: 0
      objectReference: {fileID: 0}
    - target: {fileID: 3896265794236250049, guid: 0cdc33537e8b5db469d04d07c85b8b8f,
        type: 3}
      propertyPath: securityAddon
      value: 
      objectReference: {fileID: 5192999370539845494}
    - target: {fileID: 3734515531727434963, guid: 0cdc33537e8b5db469d04d07c85b8b8f,
        type: 3}
      propertyPath: reachable
      value: 0
      objectReference: {fileID: 0}
    - target: {fileID: 3734515531727434963, guid: 0cdc33537e8b5db469d04d07c85b8b8f,
        type: 3}
      propertyPath: alwaysRegular
      value: 0
      objectReference: {fileID: 0}
    - target: {fileID: 3734515531727434963, guid: 0cdc33537e8b5db469d04d07c85b8b8f,
        type: 3}
      propertyPath: securityAddon
      value: 
      objectReference: {fileID: 8017469079595051119}
    m_RemovedComponents: []
  m_SourcePrefab: {fileID: 100100000, guid: 0cdc33537e8b5db469d04d07c85b8b8f, type: 3}
--- !u!4 &317746654096161516 stripped
Transform:
  m_CorrespondingSourceObject: {fileID: 1393001661345493281, guid: 0cdc33537e8b5db469d04d07c85b8b8f,
    type: 3}
  m_PrefabInstance: {fileID: 1674269531075152845}
  m_PrefabAsset: {fileID: 0}
--- !u!1 &8017469079595051119 stripped
GameObject:
  m_CorrespondingSourceObject: {fileID: 8682930060724691874, guid: 0cdc33537e8b5db469d04d07c85b8b8f,
    type: 3}
  m_PrefabInstance: {fileID: 1674269531075152845}
  m_PrefabAsset: {fileID: 0}
--- !u!1 &5192999370539845494 stripped
GameObject:
  m_CorrespondingSourceObject: {fileID: 6858153396107758779, guid: 0cdc33537e8b5db469d04d07c85b8b8f,
    type: 3}
  m_PrefabInstance: {fileID: 1674269531075152845}
  m_PrefabAsset: {fileID: 0}
--- !u!1001 &1731292988503769498
PrefabInstance:
  m_ObjectHideFlags: 0
  serializedVersion: 2
  m_Modification:
    m_TransformParent: {fileID: 6748670612122027678}
    m_Modifications:
    - target: {fileID: 1393001661345493280, guid: 390738c66bab1d64fa490e205f41a30f,
        type: 3}
      propertyPath: m_Name
      value: Room LR (1)
      objectReference: {fileID: 0}
    - target: {fileID: 1393001661345493281, guid: 390738c66bab1d64fa490e205f41a30f,
        type: 3}
      propertyPath: m_LocalPosition.x
      value: 4
      objectReference: {fileID: 0}
    - target: {fileID: 1393001661345493281, guid: 390738c66bab1d64fa490e205f41a30f,
        type: 3}
      propertyPath: m_LocalPosition.y
      value: 4
      objectReference: {fileID: 0}
    - target: {fileID: 1393001661345493281, guid: 390738c66bab1d64fa490e205f41a30f,
        type: 3}
      propertyPath: m_LocalPosition.z
      value: 0
      objectReference: {fileID: 0}
    - target: {fileID: 1393001661345493281, guid: 390738c66bab1d64fa490e205f41a30f,
        type: 3}
      propertyPath: m_LocalRotation.x
      value: 0
      objectReference: {fileID: 0}
    - target: {fileID: 1393001661345493281, guid: 390738c66bab1d64fa490e205f41a30f,
        type: 3}
      propertyPath: m_LocalRotation.y
      value: 0
      objectReference: {fileID: 0}
    - target: {fileID: 1393001661345493281, guid: 390738c66bab1d64fa490e205f41a30f,
        type: 3}
      propertyPath: m_LocalRotation.z
      value: 0
      objectReference: {fileID: 0}
    - target: {fileID: 1393001661345493281, guid: 390738c66bab1d64fa490e205f41a30f,
        type: 3}
      propertyPath: m_LocalRotation.w
      value: 1
      objectReference: {fileID: 0}
    - target: {fileID: 1393001661345493281, guid: 390738c66bab1d64fa490e205f41a30f,
        type: 3}
      propertyPath: m_RootOrder
      value: 1
      objectReference: {fileID: 0}
    - target: {fileID: 1393001661345493281, guid: 390738c66bab1d64fa490e205f41a30f,
        type: 3}
      propertyPath: m_LocalEulerAnglesHint.x
      value: 0
      objectReference: {fileID: 0}
    - target: {fileID: 1393001661345493281, guid: 390738c66bab1d64fa490e205f41a30f,
        type: 3}
      propertyPath: m_LocalEulerAnglesHint.y
      value: 0
      objectReference: {fileID: 0}
    - target: {fileID: 1393001661345493281, guid: 390738c66bab1d64fa490e205f41a30f,
        type: 3}
      propertyPath: m_LocalEulerAnglesHint.z
      value: 0
      objectReference: {fileID: 0}
    - target: {fileID: 3896265794236250049, guid: 390738c66bab1d64fa490e205f41a30f,
        type: 3}
      propertyPath: reachable
      value: 0
      objectReference: {fileID: 0}
    - target: {fileID: 3896265794236250049, guid: 390738c66bab1d64fa490e205f41a30f,
        type: 3}
      propertyPath: securityAddon
      value: 
      objectReference: {fileID: 5128412372620283169}
    - target: {fileID: 5717294487422263166, guid: 390738c66bab1d64fa490e205f41a30f,
        type: 3}
      propertyPath: alwaysRegular
      value: 0
      objectReference: {fileID: 0}
    - target: {fileID: 5717294487422263166, guid: 390738c66bab1d64fa490e205f41a30f,
        type: 3}
      propertyPath: securityAddon
      value: 
      objectReference: {fileID: 8536544733262817626}
    m_RemovedComponents: []
  m_SourcePrefab: {fileID: 100100000, guid: 390738c66bab1d64fa490e205f41a30f, type: 3}
--- !u!1 &815756735085195450 stripped
GameObject:
  m_CorrespondingSourceObject: {fileID: 1393001661345493280, guid: 390738c66bab1d64fa490e205f41a30f,
    type: 3}
  m_PrefabInstance: {fileID: 1731292988503769498}
  m_PrefabAsset: {fileID: 0}
--- !u!4 &815756735085195451 stripped
Transform:
  m_CorrespondingSourceObject: {fileID: 1393001661345493281, guid: 390738c66bab1d64fa490e205f41a30f,
    type: 3}
  m_PrefabInstance: {fileID: 1731292988503769498}
  m_PrefabAsset: {fileID: 0}
--- !u!1 &8536544733262817626 stripped
GameObject:
  m_CorrespondingSourceObject: {fileID: 7958194758985771200, guid: 390738c66bab1d64fa490e205f41a30f,
    type: 3}
  m_PrefabInstance: {fileID: 1731292988503769498}
  m_PrefabAsset: {fileID: 0}
--- !u!1 &5128412372620283169 stripped
GameObject:
  m_CorrespondingSourceObject: {fileID: 6858153396107758779, guid: 390738c66bab1d64fa490e205f41a30f,
    type: 3}
  m_PrefabInstance: {fileID: 1731292988503769498}
  m_PrefabAsset: {fileID: 0}
--- !u!1001 &2863810933844298465
PrefabInstance:
  m_ObjectHideFlags: 0
  serializedVersion: 2
  m_Modification:
    m_TransformParent: {fileID: 6748670612122027678}
    m_Modifications:
    - target: {fileID: 1393001661345493280, guid: 263cadc0b71be2742b414cf477263e3e,
        type: 3}
      propertyPath: m_Name
      value: Room T (1)
      objectReference: {fileID: 0}
    - target: {fileID: 1393001661345493281, guid: 263cadc0b71be2742b414cf477263e3e,
        type: 3}
      propertyPath: m_LocalPosition.x
      value: 0
      objectReference: {fileID: 0}
    - target: {fileID: 1393001661345493281, guid: 263cadc0b71be2742b414cf477263e3e,
        type: 3}
      propertyPath: m_LocalPosition.y
      value: 0
      objectReference: {fileID: 0}
    - target: {fileID: 1393001661345493281, guid: 263cadc0b71be2742b414cf477263e3e,
        type: 3}
      propertyPath: m_LocalPosition.z
      value: 0
      objectReference: {fileID: 0}
    - target: {fileID: 1393001661345493281, guid: 263cadc0b71be2742b414cf477263e3e,
        type: 3}
      propertyPath: m_LocalRotation.x
      value: 0
      objectReference: {fileID: 0}
    - target: {fileID: 1393001661345493281, guid: 263cadc0b71be2742b414cf477263e3e,
        type: 3}
      propertyPath: m_LocalRotation.y
      value: 0
      objectReference: {fileID: 0}
    - target: {fileID: 1393001661345493281, guid: 263cadc0b71be2742b414cf477263e3e,
        type: 3}
      propertyPath: m_LocalRotation.z
      value: 0
      objectReference: {fileID: 0}
    - target: {fileID: 1393001661345493281, guid: 263cadc0b71be2742b414cf477263e3e,
        type: 3}
      propertyPath: m_LocalRotation.w
      value: 1
      objectReference: {fileID: 0}
    - target: {fileID: 1393001661345493281, guid: 263cadc0b71be2742b414cf477263e3e,
        type: 3}
      propertyPath: m_RootOrder
      value: 3
      objectReference: {fileID: 0}
    - target: {fileID: 1393001661345493281, guid: 263cadc0b71be2742b414cf477263e3e,
        type: 3}
      propertyPath: m_LocalEulerAnglesHint.x
      value: 0
      objectReference: {fileID: 0}
    - target: {fileID: 1393001661345493281, guid: 263cadc0b71be2742b414cf477263e3e,
        type: 3}
      propertyPath: m_LocalEulerAnglesHint.y
      value: 0
      objectReference: {fileID: 0}
    - target: {fileID: 1393001661345493281, guid: 263cadc0b71be2742b414cf477263e3e,
        type: 3}
      propertyPath: m_LocalEulerAnglesHint.z
      value: 0
      objectReference: {fileID: 0}
    - target: {fileID: 6599887360916191983, guid: 263cadc0b71be2742b414cf477263e3e,
        type: 3}
      propertyPath: reachable
      value: 0
      objectReference: {fileID: 0}
    - target: {fileID: 6599887360916191983, guid: 263cadc0b71be2742b414cf477263e3e,
        type: 3}
      propertyPath: securityAddon
      value: 
      objectReference: {fileID: 671633504318915866}
    m_RemovedComponents: []
  m_SourcePrefab: {fileID: 100100000, guid: 263cadc0b71be2742b414cf477263e3e, type: 3}
--- !u!4 &3813039797890300864 stripped
Transform:
  m_CorrespondingSourceObject: {fileID: 1393001661345493281, guid: 263cadc0b71be2742b414cf477263e3e,
    type: 3}
  m_PrefabInstance: {fileID: 2863810933844298465}
  m_PrefabAsset: {fileID: 0}
--- !u!1 &671633504318915866 stripped
GameObject:
  m_CorrespondingSourceObject: {fileID: 3381169513398882299, guid: 263cadc0b71be2742b414cf477263e3e,
    type: 3}
  m_PrefabInstance: {fileID: 2863810933844298465}
  m_PrefabAsset: {fileID: 0}
--- !u!1001 &6503823055437805051
PrefabInstance:
  m_ObjectHideFlags: 0
  serializedVersion: 2
  m_Modification:
    m_TransformParent: {fileID: 6748670612122027678}
    m_Modifications:
    - target: {fileID: 2625717081278709991, guid: 8abdde931c053eb4090664baa3fdfc7c,
        type: 3}
      propertyPath: m_Name
      value: WeakWallSpawnPoint
      objectReference: {fileID: 0}
    - target: {fileID: 2625717081278710009, guid: 8abdde931c053eb4090664baa3fdfc7c,
        type: 3}
      propertyPath: m_LocalPosition.x
      value: -0.78
      objectReference: {fileID: 0}
    - target: {fileID: 2625717081278710009, guid: 8abdde931c053eb4090664baa3fdfc7c,
        type: 3}
      propertyPath: m_LocalPosition.y
      value: 1.99
      objectReference: {fileID: 0}
    - target: {fileID: 2625717081278710009, guid: 8abdde931c053eb4090664baa3fdfc7c,
        type: 3}
      propertyPath: m_LocalPosition.z
      value: 0
      objectReference: {fileID: 0}
    - target: {fileID: 2625717081278710009, guid: 8abdde931c053eb4090664baa3fdfc7c,
        type: 3}
      propertyPath: m_LocalRotation.x
      value: 0
      objectReference: {fileID: 0}
    - target: {fileID: 2625717081278710009, guid: 8abdde931c053eb4090664baa3fdfc7c,
        type: 3}
      propertyPath: m_LocalRotation.y
      value: 0
      objectReference: {fileID: 0}
    - target: {fileID: 2625717081278710009, guid: 8abdde931c053eb4090664baa3fdfc7c,
        type: 3}
      propertyPath: m_LocalRotation.z
      value: 0
      objectReference: {fileID: 0}
    - target: {fileID: 2625717081278710009, guid: 8abdde931c053eb4090664baa3fdfc7c,
        type: 3}
      propertyPath: m_LocalRotation.w
      value: 1
      objectReference: {fileID: 0}
    - target: {fileID: 2625717081278710009, guid: 8abdde931c053eb4090664baa3fdfc7c,
        type: 3}
      propertyPath: m_RootOrder
      value: 0
      objectReference: {fileID: 0}
    - target: {fileID: 2625717081278710009, guid: 8abdde931c053eb4090664baa3fdfc7c,
        type: 3}
      propertyPath: m_LocalEulerAnglesHint.x
      value: 0
      objectReference: {fileID: 0}
    - target: {fileID: 2625717081278710009, guid: 8abdde931c053eb4090664baa3fdfc7c,
        type: 3}
      propertyPath: m_LocalEulerAnglesHint.y
      value: 0
      objectReference: {fileID: 0}
    - target: {fileID: 2625717081278710009, guid: 8abdde931c053eb4090664baa3fdfc7c,
        type: 3}
      propertyPath: m_LocalEulerAnglesHint.z
      value: 0
      objectReference: {fileID: 0}
    m_RemovedComponents: []
  m_SourcePrefab: {fileID: 100100000, guid: 8abdde931c053eb4090664baa3fdfc7c, type: 3}
--- !u!4 &9093422244215305474 stripped
Transform:
  m_CorrespondingSourceObject: {fileID: 2625717081278710009, guid: 8abdde931c053eb4090664baa3fdfc7c,
    type: 3}
  m_PrefabInstance: {fileID: 6503823055437805051}
  m_PrefabAsset: {fileID: 0}
--- !u!1001 &6969182189663189838
PrefabInstance:
  m_ObjectHideFlags: 0
  serializedVersion: 2
  m_Modification:
    m_TransformParent: {fileID: 317746654096161516}
    m_Modifications:
    - target: {fileID: 3345791331310210541, guid: ade07b99e5bffac48ad00d520f67c0fd,
        type: 3}
      propertyPath: m_Name
      value: KeySpawn
      objectReference: {fileID: 0}
    - target: {fileID: 5057191478908044712, guid: ade07b99e5bffac48ad00d520f67c0fd,
        type: 3}
      propertyPath: m_LocalPosition.x
      value: -1.0900002
      objectReference: {fileID: 0}
    - target: {fileID: 5057191478908044712, guid: ade07b99e5bffac48ad00d520f67c0fd,
        type: 3}
      propertyPath: m_LocalPosition.y
      value: 0.16
      objectReference: {fileID: 0}
    - target: {fileID: 5057191478908044712, guid: ade07b99e5bffac48ad00d520f67c0fd,
        type: 3}
      propertyPath: m_LocalPosition.z
      value: 0
      objectReference: {fileID: 0}
    - target: {fileID: 5057191478908044712, guid: ade07b99e5bffac48ad00d520f67c0fd,
        type: 3}
      propertyPath: m_LocalRotation.x
      value: 0
      objectReference: {fileID: 0}
    - target: {fileID: 5057191478908044712, guid: ade07b99e5bffac48ad00d520f67c0fd,
        type: 3}
      propertyPath: m_LocalRotation.y
      value: 0
      objectReference: {fileID: 0}
    - target: {fileID: 5057191478908044712, guid: ade07b99e5bffac48ad00d520f67c0fd,
        type: 3}
      propertyPath: m_LocalRotation.z
      value: 0
      objectReference: {fileID: 0}
    - target: {fileID: 5057191478908044712, guid: ade07b99e5bffac48ad00d520f67c0fd,
        type: 3}
      propertyPath: m_LocalRotation.w
      value: 1
      objectReference: {fileID: 0}
    - target: {fileID: 5057191478908044712, guid: ade07b99e5bffac48ad00d520f67c0fd,
        type: 3}
      propertyPath: m_RootOrder
      value: 1
      objectReference: {fileID: 0}
    - target: {fileID: 5057191478908044712, guid: ade07b99e5bffac48ad00d520f67c0fd,
        type: 3}
      propertyPath: m_LocalEulerAnglesHint.x
      value: 0
      objectReference: {fileID: 0}
    - target: {fileID: 5057191478908044712, guid: ade07b99e5bffac48ad00d520f67c0fd,
        type: 3}
      propertyPath: m_LocalEulerAnglesHint.y
      value: 0
      objectReference: {fileID: 0}
    - target: {fileID: 5057191478908044712, guid: ade07b99e5bffac48ad00d520f67c0fd,
        type: 3}
      propertyPath: m_LocalEulerAnglesHint.z
      value: 0
      objectReference: {fileID: 0}
    m_RemovedComponents: []
  m_SourcePrefab: {fileID: 100100000, guid: ade07b99e5bffac48ad00d520f67c0fd, type: 3}
